 Dungeon Crawl Stone Soup version 0.23.0 (webtiles) character file.

Game seed: 8955643713124286964

268420 LostNumber the Brawler (level 19, -4/197 HPs)
             Began as a Troll Ice Elementalist on Feb 14, 2019.
             Was the Champion of Jiyva.
             Killed from afar by an ogre mage (35 damage)
             ... with a bolt of lightning
             ... led by an ironheart preserver
             ... on level 1 of the Vaults.
             The game lasted 01:55:15 (46055 turns).

LostNumber the Brawler (Troll Ice Elementalist)    Turns: 46055, Time: 01:55:16

Health: -4/197     AC: 31    Str: 31    XL:     19   Next: 37%
Magic:  34/34      EV:  9    Int:  9    God:    Jiyva [******]
Gold:   717        SH: 27    Dex: 10    Spells: 19/20 levels left

rFire    + . .     SeeInvis .     - Unarmed
rCold    + . .     Gourm    +   L - +2 large shield
rNeg     + . .     Faith    .   q - +7 gold dragon scales
rPois    +         Spirit   .   (helmet restricted)
rElec    .         Reflect  +   C - +2 cloak {+Inv}
rCorr    +         Harm     .   (gloves unavailable)
MR       ++...     Rnd*Tele +   (boots unavailable)
Stlth    ..........             G - +5 amulet of reflection
HPRegen  0.82/turn              W - ring "Xisipt" {rN+ MR+ MP+9 Str+2}
MPRegen  0.24/turn              P - +6 ring of evasion

@: marked, flayed
A: large, unfitting armour, claws 3, fast metabolism 3, gourmand, regeneration
1, shaggy fur 1, teleportitis 1, tough skin 3, eyeballs 1
}: 2/15 runes: decaying, serpentine
a: Request Jelly, Slimify, Cure Bad Mutation, Renounce Religion, Evoke
Invisibility


You were on level 1 of the Vaults.
You worshipped Jiyva.
Jiyva was exalted by your worship.
You were completely stuffed.

You visited 8 branches of the dungeon, and saw 38 of its levels.
You also visited: Ossuary.

You collected 3290 gold pieces.
You spent 2573 gold pieces at shops.

Inventory:

Hand Weapons
 b - the +7 whip "Eggiqopn" {slash, rPois Str+4 Int+8 Stlth-}
   (You found it on level 8 of the Dungeon)

   It inflicts extra damage upon your enemies.
   It affects your strength (+4).
   It affects your intelligence (+8).
   It protects you from poison.
   It makes you less stealthy.
Missiles
 A - 2 throwing nets (quivered) {!f}
Armour
 n - +0 acid dragon scales
   (You found it on level 15 of the Dungeon)
 q - +7 gold dragon scales (worn)
   (You found it on level 1 of the Dungeon)
 C - a +2 cloak of invisibility (worn)
   (You bought it in a shop on level 8 of the Dungeon)
 I - a +0 shield
   (You took it off a vault guard on level 13 of the Dungeon)
 L - a +2 large shield (worn)
   (You took it off a naga warrior on level 2 of the Snake Pit)
Jewellery
 z - an uncursed ring of see invisible
   (You found it on level 8 of the Dungeon)
 G - a +5 amulet of reflection (around neck)
   (You found it on level 10 of the Dungeon)
 P - a +6 ring of evasion (right claw)
   (You found it on level 6 of the Lair of Beasts)
 W - the ring "Xisipt" (left claw) {rN+ MR+ MP+9 Str+2}
   (You bought it in a shop on level 3 of the Snake Pit)

   [ring of strength]

   It affects your strength (+2).
   It protects you from negative energy.
   It affects your resistance to hostile enchantments.
   It affects your magic capacity (+9).
Wands
 c - a wand of disintegration (46)
   (You found it on level 6 of the Dungeon)
 d - a wand of iceblast (13)
   (You found it on level 3 of the Dungeon)
 t - a wand of flame (27)
   (You took it off a gnoll on level 6 of the Dungeon)
 u - a wand of paralysis (11)
   (You found it on level 4 of the Dungeon)
 v - a wand of digging (13)
   (You found it on level 1 of the Lair of Beasts)
 x - a wand of acid (7)
   (You found it on level 4 of the Dungeon)
 F - a wand of polymorph (30)
   (You found it on level 9 of the Dungeon)
 K - a wand of clouds (8)
   (You bought it in a shop on level 7 of the Dungeon)
 M - a wand of scattershot (4)
   (You found it on level 2 of the Lair of Beasts)
 N - a wand of enslavement (4)
   (You found it on level 2 of the Snake Pit)
Scrolls
 f - 4 scrolls of magic mapping
 i - 8 scrolls of enchant weapon
 j - 3 scrolls of fear
 l - 4 scrolls of fog
 s - 13 scrolls of remove curse {@r2}
 w - 3 scrolls of identify {@r1}
 B - 17 scrolls of teleportation {@r4}
 E - 3 scrolls of immolation {!r}
 T - a scroll of blinking
 V - a scroll of silence
Potions
 g - a potion of berserk rage
 h - 6 potions of haste {@q3}
 k - 2 potions of curing {@q1}
 m - 5 potions of lignification {!q}
 o - 7 potions of flight
 p - 4 potions of might
 r - 2 potions of brilliance
 y - 3 potions of agility
 J - 2 potions of cancellation
 O - 2 potions of resistance
 Q - a potion of mutation {!q}
 R - a potion of magic
 S - a potion of ambrosia
 U - a potion of heal wounds {@q2}
Miscellaneous
 H - a phial of floods
   (You found it on level 2 of the Snake Pit)
Comestibles
 a - 18 chunks of flesh
 e - 48 rations {!d}


   Skills:
 + Level 14.1 Fighting
 - Level 6.0 Maces & Flails
 + Level 9.5 Armour
 - Level 1.5 Dodging
 - Level 1.0 Stealth
 * Level 11.7 Shields
 * Level 20.9 Unarmed Combat
 - Level 1.2 Spellcasting
   Level 0.6 Conjurations
 - Level 2.1 Ice Magic
 - Level 10.0 Evocations


You had 19 spell levels left.
You knew the following spells:

 Your Spells              Type           Power        Failure   Level  Hunger
a - Freeze                Ice            #...         100%        1    ##.....

Your spell library contained the following spells:

 Spells                   Type           Power        Failure   Level  Hunger
 Animate Skeleton         Necr           N/A          100%        1    ##.....
 Apportation              Tloc           #.....       100%        1    ##.....
 Confusing Touch          Hex            #.....       100%        1    ##.....
 Infusion                 Chrm           #...         100%        1    ##.....
 Magic Dart               Conj           #...         100%        1    ##.....
 Sandblast                Erth           #.....       100%        1    ##.....
 Summon Butterflies       Summ           #.......     100%        1    ##.....
 Summon Small Mammal      Summ           #...         100%        1    ##.....
 Blink                    Tloc           N/A          100%        2    ###....
 Call Imp                 Summ           #.......     100%        2    ###....
 Passwall                 Tmut/Erth      #.......     100%        2    ###....
 Shroud of Golubria       Chrm/Tloc      #.........   100%        2    ###....
 Slow                     Hex            #.......     100%        2    ###....
 Song of Slaying          Chrm           #.......     100%        2    ###....
 Throw Frost              Conj/Ice       #.....       100%        2    ###....
 Conjure Flame            Conj/Fire      #.......     100%        3    ####...
 Lesser Beckoning         Tloc           #.........   100%        3    ####...
 Mephitic Cloud           Conj/Pois/Air  #.......     100%        3    ####...
 Ozocubu's Armour         Chrm/Ice       #.......     100%        3    ####...
 Recall                   Summ/Tloc      N/A          100%        3    ####...
 Regeneration             Chrm/Necr      #.........   100%        3    ####...
 Spectral Weapon          Hex/Chrm       #.......     100%        3    ####...
 Stone Arrow              Conj/Erth      #.....       100%        3    ####...
 Tukima's Dance           Hex            #.......     100%        3    ####...
 Petrify                  Tmut/Erth      #.......     100%        4    #####..
 Summon Ice Beast         Ice/Summ       #.......     100%        4    #####..
 Throw Icicle             Conj/Ice       #.......     100%        4    #####..
 Alistair's Intoxication  Tmut/Pois      #.......     100%        5    ######.
 Aura of Abjuration       Summ           #.........   100%        5    ######.
 Lee's Rapid Deconstruct  Erth           #.........   100%        5    ######.
 Summon Demon             Summ           #.........   100%        5    ######.
 Summon Forest            Summ/Tloc      #.........   100%        5    ######.
 Summon Mana Viper        Hex/Summ       #.......     100%        5    ######.
 Invisibility             Hex            #.......     100%        6    #######
 Shadow Creatures         Summ           N/A          100%        6    #######


Dungeon Overview and Level Annotations

Branches:
Dungeon (15/15)            Temple (1/1) D:4            Lair (6/6) D:10
  Swamp (4/4) Lair:4        Snake (4/4) Lair:2        Slime (5/5) Lair:6
    Orc (2/2) D:12            Elf (0/3) Orc:2        Vaults (1/5) D:14
 Depths (0/5) D:15

Altars:
Ashenzari
Cheibriados
Dithmenos
Elyvilon
Fedhas
Gozag
Hepliaklqana
Kikubaaqudgha
Makhleb
Nemelex Xobeh
Okawaru
Qazlal
Ru
Sif Muna
Trog
Uskayaw
Vehumet
Wu Jian
Xom
Yredelemnul
Zin
The Shining One
Beogh
Jiyva

Shops:
D:7 }   D:8 :*[   D:13 (   Orc:2 ([!(%   Snake:3 **[=

Portals:
Trove: D:13 (give 13 potions of heal wounds)

Annotations:
Slime:5 Royal Jelly


Innate Abilities, Weirdness & Mutations

You are too large for most types of armour.
You have claws for hands.
Your metabolism is lightning-fast.
You like to eat raw meat.
Your natural rate of healing is unusually fast.
You are covered in fur. (AC +1)
You have extremely tough skin. (AC +3)
You are occasionally teleported next to monsters.
Your body has grown golden eyes which may confuse attackers. (Acc +3)


Message History

You mangle the ogre!!
You kill the ogre!
The flayed ghost cries, "Feel what I felt!"
Terrible wounds open up all over your body!
* * * LOW HITPOINT WARNING * * *
You hear a distant slurping noise.
You feel a little less hungry.
You feel better.
You feel a little less hungry.
You feel better. Jiyva appreciates your sacrifice.
You feel a little less hungry.
You feel better. Jiyva appreciates your sacrifice.
You feel a little less hungry.
You feel better.
You hear a squelching noise. 2 yaktaurs come into view.
The yaktaur wields a +0 arbalest.
The yaktaur shoots a bolt.
You reflect the bolt off an invisible shield around you!
The bolt hits the yaktaur!
The yaktaur wields a +0 arbalest.
The yaktaur shoots a bolt.
You reflect the bolt off an invisible shield around you!
The bolt hits the yaktaur!!
The ogre mage points at you and mumbles some strange words.
The bolt of lightning hits you!!!
* * * LOW HITPOINT WARNING * * *
The yaktaur shoots a bolt.
You reflect the bolt off an invisible shield around you!
The bolt hits the yaktaur!!
The yaktaur shoots a bolt.
The bolt barely misses you.
Unknown command.
The yaktaur wields a +0 arbalest of freezing.
It is covered in frost.
The yaktaur shoots a bolt.
You reflect the bolt off an invisible shield around you!
The bolt completely misses the yaktaur.
The yaktaur shoots a bolt.
You reflect the bolt off an invisible shield around you!
The bolt hits the yaktaur!
The ogre mage hits you but does no damage.
The flayed ghost cries, "Suffer as I suffered!"
Terrible wounds spread across more of your body!
* * * LOW HITPOINT WARNING * * *
There is an open door here.
You hear a distant slurping noise.
You block the ogre mage's attack.
Unknown command.
The ogre mage casts a spell at you. The bolt of lightning hits you!!
* * * LOW HITPOINT WARNING * * *
The ogre mage hits you but does no damage.
There is a gate leading back out of this place here.
The ogre mage casts a spell at you. The bolt of lightning misses you.
The bolt of lightning hits you!!
You die...

..# .. ####'#####
#.(......# #######
#cc(##...#
#.....###..#..#..#
#......##cc#)(#..#
#.....W.#cOe##...##
#.@.Op..Oc.))))....
#.......######..#.#
#......## #.#...
#.....## #.#...
####### #..#J#
#..... ######


You could see a vault warden, a flayed ghost, an ogre mage, 3 yaktaurs and an
ogre.

Vanquished Creatures
  Saint Roka (Orc:2)
  Nikola (Swamp:4)
  A tentacled monstrosity (Swamp:3)
  Rupert (D:14)
  12 acid blobs
  The ghost of NeAGen181 the Severer, an adept HOFi of Beogh (Swamp:4)
  2 thorn hunters
  8 azure jellies
  Roxanne (Swamp:3)
  3 nagarajas
  An orc warlord (Orc:2)
  An ironheart preserver (Vaults:1)
  The ghost of PeterQ the Nimble, a journeyman GnGl of Uskayaw (Lair:4)
  A fire dragon (Lair:6)
  5 death oozes
  Josephine (D:12)
  A yaktaur captain (Vaults:1)
  5 vault guards
  21 hydras
  A catoblepas (Lair:2)
  4 great orbs of eyes
  14 anacondas
  2 ghost crabs (Swamp:2)
  8 alligators
  21 naga warriors
  5 centaur warriors
  2 death knights
  2 ogre magi
  11 two-headed ogres
  3 shambling mangroves
  An orc high priest (Orc:2)
  2 tengu warriors
  6 shock serpents
  A shock serpent (shapeshifter) (D:15)
  Nergalle (D:12)
  4 naga sharpshooters
  An unseen horror (D:12)
  A salamander mystic (Snake:3)
  2 wizards
  2 spriggan druids
  3 skeletal warriors
  2 glowing orange brains
  10 swamp dragons
  4 sea snakes (Snake:2)
  2 deep elf archers (D:14)
  2 lindwurms (Lair:6)
  8 naga ritualists
  A phantasmal warrior (D:13)
  An ironbrand convoker (Vaults:1)
  A wolf spider zombie (D:15)
  4 orc knights
  6 ugly things
  4 cyclopes
  7 mana vipers
  3 manticores
  5 shining eyes
  16 salamanders
  A salamander (shapeshifter) (D:15)
  15 elephants
  8 guardian serpents
  43 black mambas
  A vault sentinel (Vaults:1)
  5 torpor snails (Lair:6)
  An eye of devastation (Slime:3)
  21 naga magi
  3 gargoyles
  10 spiny frogs
  2 centaur skeletons
  3 rime drakes
  7 komodo dragons
  An efreet (D:14)
  2 tengu conjurers
  5 freezing wraiths
  8 trolls
  20 hornets
  9 polar bears
  Grinder (D:3)
  11 tyrant leeches
  A wolf spider simulacrum (D:14)
  A harpy skeleton (D:14)
  84 slime creatures
  18 blink frogs
  9 hippogriffs
  11 bog bodies
  5 raiju (Lair:6)
  3 shadows
  A water elemental (D:15)
  4 wyverns
  15 yaks
  Sigmund (D:6)
  A vampire (D:9)
  5 spriggans
  8 wraiths
  4 basilisks
  15 golden eyes
  24 vampire mosquitoes
  6 wargs
  20 swamp worms
  6 insubstantial wisps (Swamp:4)
  53 nagas
  4 hungry ghosts
  2 acid dragons
  2 soldier ants
  7 water moccasins
  12 hell hounds (Lair:6)
  2 ice beasts
  4 sky beasts
  11 swamp drakes
  5 porcupines
  12 black bears
  41 orc warriors
  5 eyes of draining
  A phantom (D:13)
  A necrophage (D:14)
  30 wolves
  16 ogres
  5 centaurs
  16 crocodiles
  3 big kobolds
  An elf zombie (Ossuary)
  17 bullfrogs
  A wyvern skeleton (D:13)
  2 scorpions (D:8)
  8 killer bees
  5 electric eels
  8 howler monkeys
  6 wights
  4 crimson imps
  5 centaur zombies
  A human zombie (Ossuary)
  6 jellies
  7 hounds
  20 orc priests
  2 bullfrog skeletons
  8 iguanas
  32 orc wizards
  16 worker ants
  A big kobold zombie (Ossuary)
  A hound skeleton (D:9)
  2 hound zombies
  2 mummies (Ossuary)
  Robin (D:4)
  A worker ant zombie (D:10)
  15 gnolls
  11 adders
  3 shadow imps
  6 oozes
  An adder zombie (Ossuary)
  4 worms
  4 dart slugs
  5 leopard geckos
  112 orcs
  5 ball pythons
  7 bats
  3 giant cockroaches
  21 goblins
  12 hobgoblins
  14 jackals
  20 kobolds
  2 quokkas
  A frilled lizard (D:3)
  2 goblin zombies (Ossuary)
  5 hobgoblin zombies (Ossuary)
  A jackal skeleton (D:7)
  10 kobold zombies (Ossuary)
  13 orc zombies (Ossuary)
  3 rats
  A rat zombie (Ossuary)
  4 plants
1334 creatures vanquished.

Vanquished Creatures (others)
  2 azure jellies
  An acid blob (Snake:4)
  3 nagarajas (Snake:4)
  A naga warrior (Snake:4)
  3 naga sharpshooters (Snake:4)
  A naga ritualist (Snake:4)
  A swamp dragon (Swamp:4)
  2 deep elf magi (Vaults:1)
  A faun (shapeshifter) (D:8)
  A mana viper (Snake:4)
  A cyclops (Vaults:1)
  A naga mage (Snake:4)
  A black mamba (Snake:4)
  A yaktaur (Vaults:1)
  A hornet (Swamp:3)
  A slime creature (D:8)
  A spriggan (Swamp:2)
  15 nagas (Snake:4)
  2 centaurs
  22 jellies
  A bullfrog skeleton (D:6)
  8 orcs
  A bush (Lair:4)
  2 fungi
  19 plants
93 creatures vanquished.

Grand Total: 1427 creatures vanquished

Notes
Turn   | Place    | Note
-------+----------+-------------------------------------------
     0 | D:1      | LostNumber the Troll Ice Elementalist began the quest for
                  | the Orb.
     0 | D:1      | Reached XP level 1. HP: 16/16 MP: 1/1
    84 | D:1      | Reached skill level 1 in Unarmed Combat
   370 | D:1      | Reached XP level 2. HP: 26/26 MP: 2/2
   540 | D:1      | Reached skill level 2 in Unarmed Combat
   540 | D:1      | Reached XP level 3. HP: 32/32 MP: 3/3
   555 | D:1      | Reached skill level 1 in Fighting
  1233 | D:2      | Reached skill level 1 in Armour
  1324 | D:2      | Reached XP level 4. HP: 41/41 MP: 4/4
  1861 | D:3      | Reached skill level 3 in Unarmed Combat
  1882 | D:3      | Noticed Grinder
  1903 | D:3      | Killed Grinder
  1903 | D:3      | Reached skill level 4 in Unarmed Combat
  1903 | D:3      | Reached XP level 5. HP: 27/49 MP: 5/5
  1903 | D:3      | Reached XP level 6. HP: 32/57 MP: 6/6
  2149 | D:3      | Found a sacrificial altar of Ru.
  2879 | D:4      | Found a sand-covered staircase.
  2887 | Ossuary  | Entered an ossuary
  3036 | Ossuary  | Reached skill level 5 in Unarmed Combat
  3057 | Ossuary  | Reached XP level 7. HP: 66/66 MP: 7/7
  3579 | D:4      | Found a white marble altar of Elyvilon.
  3803 | D:4      | Noticed Robin
  3820 | D:4      | Killed Robin
  3965 | D:4      | Found a staircase to the Ecumenical Temple.
  3971 | Temple   | Entered the Ecumenical Temple
  4145 | D:5      | Entered Level 5 of the Dungeon
  4279 | D:5      | Reached skill level 6 in Unarmed Combat
  4728 | D:5      | Reached XP level 8. HP: 75/75 MP: 8/8
  5160 | D:6      | Reached skill level 7 in Unarmed Combat
  5367 | D:6      | Found a sparkling altar of Nemelex Xobeh.
  5393 | D:6      | Noticed Sigmund
  5416 | D:6      | Killed Sigmund
  5918 | D:6      | Reached skill level 8 in Unarmed Combat
  6168 | D:7      | Found a radiant altar of Vehumet.
  6173 | D:7      | Reached XP level 9. HP: 85/85 MP: 9/9
  6597 | D:7      | Found Zanotusm's Gadget Shoppe.
  6730 | D:7      | Reached skill level 5 in Fighting
  6730 | D:7      | Reached skill level 5 in Armour
  6923 | D:8      | Found Toukla's Book Boutique.
  6987 | D:8      | Reached skill level 9 in Unarmed Combat
  7084 | D:8      | Found Leuvam's Armour Emporium.
  7096 | D:8      | Found Luneam Xiqi's General Store.
  7097 | D:8      | Bought a +2 cloak of invisibility for 236 gold pieces
  7234 | D:8      | Noticed a cyclops
  7236 | D:8      | Noticed a cyclops
  7237 | D:8      | Noticed a manticore
  7246 | D:8      | Noticed a meliai
  7414 | D:8      | Found an opulent altar of Gozag.
  7415 | D:8      | Found a shimmering altar of Xom.
  7538 | D:8      | Noticed a two-headed ogre
  7593 | D:8      | Killed a two-headed ogre
  7593 | D:8      | Reached skill level 10 in Unarmed Combat
  7593 | D:8      | Reached XP level 10. HP: 27/98 MP: 10/10
  7746 | D:8      | Noticed a wolf spider
  7804 | D:8      | Got a fine whip
  7952 | D:8      | Identified the +7 whip "Eggiqopn" {slash, rPois Str+4 Int+8
                  | Stlth-} (You found it on level 8 of the Dungeon)
  8010 | D:9      | Noticed a green ugly thing
  8028 | D:9      | Killed a green ugly thing
  8191 | D:9      | Got a brightly glowing dagger
  8195 | D:9      | Reached skill level 1 in Evocations
  8196 | D:9      | Identified the +2 dagger of the Messenger {speed, +Rage
                  | +Fly rPois Int+3} (You found it on level 9 of the Dungeon)
  8292 | D:9      | Reached skill level 11 in Unarmed Combat
  8483 | D:10     | Entered Level 10 of the Dungeon
  8494 | D:10     | Noticed a two-headed ogre
  8501 | D:10     | Killed a two-headed ogre
  8579 | D:10     | Found a staircase to the Lair.
  9199 | Lair:1   | Entered Level 1 of the Lair of Beasts
  9295 | D:7      | Bought a wand of clouds (3) for 294 gold pieces
  9487 | Lair:1   | You fall through a shaft!
  9502 | Lair:2   | Found a staircase to the Snake Pit.
  9539 | Lair:2   | Reached skill level 1 in Maces & Flails
  9545 | Lair:2   | Reached XP level 11. HP: 88/109 MP: 9/12
  9914 | Lair:1   | Found a burning altar of Makhleb.
  9927 | Lair:1   | Reached skill level 12 in Unarmed Combat
 10284 | Lair:2   | Noticed an eight-headed hydra
 10297 | Lair:2   | Killed an eight-headed hydra
 10664 | Lair:3   | Noticed a catoblepas
 10692 | Lair:2   | Killed a catoblepas
 10870 | Lair:3   | Reached skill level 13 in Unarmed Combat
 11512 | Lair:3   | Reached XP level 12. HP: 82/119 MP: 14/14
 11886 | Lair:4   | Noticed a six-headed hydra
 11907 | Lair:4   | Killed a six-headed hydra
 11928 | Lair:4   | Found a runed translucent gate.
 11929 | Lair:4   | Found a runed translucent gate.
 11930 | Lair:4   | Found a runed translucent gate.
 11934 | Lair:4   | Noticed PeterQ's ghost (journeyman GnGl)
 12066 | Lair:4   | Found a staircase to the Swamp.
 12265 | Lair:4   | Reached skill level 5 in Maces & Flails
 12280 | Lair:4   | Reached skill level 5 in Evocations
 13247 | Lair:5   | Noticed a six-headed hydra
 13261 | Lair:5   | Killed a six-headed hydra
 13261 | Lair:5   | Reached skill level 14 in Unarmed Combat
 13351 | Lair:6   | Entered Level 6 of the Lair of Beasts
 13471 | Lair:6   | Got a faintly glowing whip
 13472 | Lair:6   | Identified the +8 whip of Makhleb's Castigation {venom,
                  | Int+2} (You found it on level 6 of the Lair of Beasts)
 13576 | Lair:6   | Noticed Nessos
 13732 | Lair:6   | Noticed Nessos
 13732 | Lair:6   | Nessos changed into Nessos the hippogriff
 13736 | Lair:6   | Killed Nessos the hippogriff
 13798 | Lair:6   | Found a staircase to the Slime Pits.
 13882 | Lair:6   | Reached XP level 13. HP: 49/131 MP: 16/16
 14287 | Lair:6   | HP: 5/131 [komodo dragon (10)]
 14287 | Lair:6   | HP: 1/131 [five-headed hydra (4)]
 14756 | Lair:6   | Reached skill level 15 in Unarmed Combat
 15127 | Lair:6   | Found a runed translucent door.
 15128 | Lair:6   | Noticed a fire dragon
 15727 | Lair:6   | Got an encrusted cloak
 16207 | Lair:6   | Killed a fire dragon
 16298 | Lair:6   | Identified the +1 cloak "Junwigicw" {-Cast rF+ Int+4} (You
                  | found it on level 6 of the Lair of Beasts)
 16491 | D:11     | Reached skill level 10 in Fighting
 17084 | D:12     | Reached skill level 16 in Unarmed Combat
 17087 | D:12     | Noticed Nergalle
 17093 | D:12     | Reached XP level 14. HP: 143/143 MP: 18/18
 17117 | D:12     | Killed Nergalle
 17196 | D:12     | Noticed Josephine
 17241 | D:12     | Killed Josephine
 17368 | D:12     | Found a staircase to the Orcish Mines.
 17972 | D:13     | Found a portal to a secret trove of treasure.
 18189 | D:13     | Found Tirih's Weapon Boutique.
 19148 | Orc:1    | Entered Level 1 of the Orcish Mines
 19621 | Orc:2    | Entered Level 2 of the Orcish Mines
 19624 | Orc:2    | Found a bloodstained altar of Trog.
 19627 | Orc:2    | Found Liorch's Weapon Shoppe.
 19683 | Orc:2    | Found a staircase to the Elven Halls.
 19734 | Orc:2    | Noticed Saint Roka
 19792 | Orc:2    | Killed Saint Roka
 19792 | Orc:2    | Reached skill level 17 in Unarmed Combat
 19996 | Orc:2    | Found a roughly hewn altar of Beogh.
 20014 | Orc:2    | Found Sataoruat's Food Boutique.
 20082 | Orc:2    | Found a roughly hewn altar of Beogh.
 20146 | Orc:2    | Found a roughly hewn altar of Beogh.
 20244 | Orc:2    | Found a roughly hewn altar of Beogh.
 20272 | Orc:2    | Found a roughly hewn altar of Beogh.
 20293 | Orc:2    | Found Ruxaih's Distillery.
 20312 | Orc:2    | Bought 2 potions of haste for 300 gold pieces
 20312 | Orc:2    | Bought a potion of curing for 45 gold pieces
 20312 | Orc:2    | Bought a potion of curing for 45 gold pieces
 20312 | Orc:2    | Bought 2 potions of curing for 90 gold pieces
 20312 | Orc:2    | Bought 2 potions of haste for 300 gold pieces
 20312 | Orc:2    | Bought a potion of mutation for 120 gold pieces
 20376 | Orc:2    | Noticed an orc warlord
 20590 | Orc:2    | Killed an orc warlord
 20789 | Orc:2    | Found a roughly hewn altar of Beogh.
 20851 | Orc:2    | Found Kuntanagoh's Antique Armour Boutique.
 20852 | Orc:2    | Found a roughly hewn altar of Beogh.
 20853 | Orc:2    | Found Plog's Antique Weapon Shop.
 21432 | D:14     | Reached skill level 1 in Shields
 21432 | D:14     | Reached XP level 15. HP: 147/154 MP: 20/20
 21583 | D:14     | Noticed Rupert
 21583 | D:14     | Paralysed by Rupert for 5 turns
 21607 | D:14     | Killed Rupert
 22200 | D:14     | Found a gate to the Vaults.
 22493 | D:15     | Entered Level 15 of the Dungeon
 22771 | D:15     | Found a staircase to the Depths.
 23729 | Snake:1  | Entered Level 1 of the Snake Pit
 23760 | Snake:1  | Reached skill level 5 in Shields
 24035 | Snake:1  | Noticed a nagaraja
 24459 | Snake:1  | Got a smoking robe
 24478 | Snake:1  | Identified the +0 robe of the Four Realms {rC+} (You found
                  | it on level 1 of the Snake Pit)
 25094 | Snake:1  | Killed a nagaraja
 25094 | Snake:1  | Reached XP level 16. HP: 89/165 MP: 22/22
 26077 | Swamp:1  | Entered Level 1 of the Swamp
 26091 | Swamp:1  | Reached skill level 18 in Unarmed Combat
 26489 | Swamp:1  | Noticed a thorn hunter
 26509 | Swamp:1  | Killed a thorn hunter
 26742 | Swamp:1  | Reached skill level 10 in Evocations
 27434 | Swamp:2  | Noticed a thorn hunter
 27450 | Swamp:2  | Killed a thorn hunter
 28018 | Swamp:2  | Paralysed by a hornet for 3 turns
 28024 | Swamp:2  | Paralysed by a hornet for 1 turns
 28615 | Swamp:3  | Noticed a tentacled monstrosity
 28646 | Swamp:3  | Killed a tentacled monstrosity
 28980 | Swamp:3  | Noticed Roxanne
 29248 | Swamp:3  | Killed Roxanne
 29297 | Swamp:4  | Entered Level 4 of the Swamp
 29297 | Swamp:4  | Noticed Nikola
 29421 | Swamp:4  | Reached XP level 17. HP: 138/175 MP: 23/23
 29606 | Swamp:4  | Found a runed translucent door.
 29606 | Swamp:4  | Noticed NeAGen181's ghost (adept HOFi)
 30322 | Swamp:4  | Got a decaying rune of Zot
 30505 | Swamp:4  | Killed Nikola
 30505 | Swamp:4  | Reached skill level 19 in Unarmed Combat
 30749 | Swamp:4  | Killed NeAGen181's ghost
 31016 | Lair:4   | Killed PeterQ's ghost
 32819 | Snake:3  | Found Umnaezeb's Assorted Antiques.
 32823 | Snake:3  | Found Duphaub's General Store.
 32824 | Snake:3  | Found Homunueg's Armour Emporium.
 32827 | Snake:3  | Bought a scroll labeled EKILIS WALAA for 31 gold pieces
 32827 | Snake:3  | Bought a potion of mutation for 248 gold pieces
 32827 | Snake:3  | Bought a scroll of fear for 108 gold pieces
 32830 | Snake:3  | Bought a potion of berserk rage for 65 gold pieces
 32830 | Snake:3  | Bought a potion of cancellation for 104 gold pieces
 32830 | Snake:3  | Bought a scroll of fog for 26 gold pieces
 33026 | Snake:3  | Got a translucent quarterstaff
 33027 | Snake:3  | Identified the cursed +2 quarterstaff "Naykhluang"
                  | {protect, rF+ rN+} (You found it on level 3 of the Snake
                  | Pit)
 33116 | Snake:3  | Found Zownisoczi's Jewellery Emporium.
 33124 | Snake:3  | Bought the ring "Xisipt" {rN+ MR+ MP+9 Str+2} for 561 gold
                  | pieces
 33488 | Snake:3  | Reached XP level 18. HP: 186/187 MP: 24/24
 33804 | Slime:1  | Entered Level 1 of the Pits of Slime
 35347 | Slime:2  | Reached skill level 20 in Unarmed Combat
 35350 | Slime:2  | Reached skill level 10 in Shields
 35396 | Slime:3  | Gained mutation: Potions are less effective at restoring
                  | your health. [a shining eye]
 35676 | Slime:3  | Gained mutation: Your magical capacity is low. (-10% MP) [a
                  | shining eye]
 35852 | Slime:3  | Gained mutation: Scrolls take you a little longer to read.
                  | [a shining eye]
 35907 | Slime:3  | Gained mutation: Potions are poor at restoring your health.
                  | [a shining eye]
 37501 | Slime:5  | Entered Level 5 of the Pits of Slime
 38116 | Slime:5  | Gained mutation: Scrolls take you longer to read. [a
                  | shining eye]
 38844 | Slime:5  | Noticed the Royal Jelly
 39087 | Slime:5  | Gained mutation: Potions cannot restore your health. [a
                  | shining eye]
 39090 | Slime:5  | Gained mutation: Scrolls take you much longer to read. [a
                  | shining eye]
 39232 | Slime:5  | Found a viscous altar of Jiyva.
 39260 | Slime:5  | Became a worshipper of Jiyva Jyekhyel the Shapeless
 40135 | D:1      | Reached * piety under Jiyva
 40896 | D:3      | Reached ** piety under Jiyva
 42261 | D:8      | Reached *** piety under Jiyva
 42717 | D:10     | Lost mutation: Scrolls take you much longer to read.
                  | [Jiyva's grace]
 42719 | D:10     | Lost mutation: Your magical capacity is low. (-10% MP)
                  | [potion of mutation]
 42719 | D:10     | Lost mutation: Scrolls take you longer to read. [potion of
                  | mutation]
 42719 | D:10     | Gained mutation: Scrolls take you longer to read. [potion
                  | of mutation]
 42719 | D:10     | Lost mutation: Scrolls take you longer to read. [potion of
                  | mutation]
 42719 | D:10     | Gained mutation: Your mind is acute. (Int +2) [potion of
                  | mutation]
 43347 | Lair:2   | Reached **** piety under Jiyva
 43347 | Lair:2   | Lost mutation: Your mind is acute. (Int +2) [Jiyva's grace]
 43447 | Snake:1  | Gained mutation: You possess an exceptional clarity of
                  | mind. [Jiyva's grace]
 43453 | Snake:1  | Reached ***** piety under Jiyva
 43514 | Snake:1  | Lost mutation: You possess an exceptional clarity of mind.
                  | [Jiyva's grace]
 43723 | Snake:2  | Gained mutation: You evolve. [Jiyva's grace]
 43783 | Snake:2  | Lost mutation: Scrolls take you a little longer to read.
                  | [Jiyva's power]
 43848 | Snake:2  | Lost mutation: You evolve. [potion of mutation]
 43848 | Snake:2  | Lost mutation: Potions cannot restore your health. [potion
                  | of mutation]
 43848 | Snake:2  | Gained mutation: Your flesh is cold resistant. (rC+)
                  | [potion of mutation]
 43848 | Snake:2  | Gained mutation: You are agile. (Dex +2) [potion of
                  | mutation]
 43849 | Snake:2  | Lost mutation: You are agile. (Dex +2) [potion of mutation]
 43849 | Snake:2  | Gained mutation: You are dopey. (Int -2) [potion of
                  | mutation]
 43849 | Snake:2  | Lost mutation: You are dopey. (Int -2) [potion of mutation]
 43849 | Snake:2  | Gained mutation: You passively map a small area around you.
                  | [potion of mutation]
 43849 | Snake:2  | Gained mutation: You are resistant to hostile enchantments.
                  | (MR+) [potion of mutation]
 43850 | Snake:2  | Lost mutation: You are resistant to hostile enchantments.
                  | (MR+) [potion of mutation]
 43850 | Snake:2  | Lost mutation: Potions are poor at restoring your health.
                  | [potion of mutation]
 43850 | Snake:2  | Lost mutation: You passively map a small area around you.
                  | [potion of mutation]
 43850 | Snake:2  | Lost mutation: Potions are less effective at restoring your
                  | health. [potion of mutation]
 43850 | Snake:2  | Gained mutation: You are weak. (Str -2) [potion of
                  | mutation]
 43850 | Snake:2  | Gained mutation: You can translocate small distances at
                  | will. [potion of mutation]
 43850 | Snake:2  | Gained mutation: You expend magic power (3 MP) to
                  | strengthen your wands. [potion of mutation]
 44154 | Snake:3  | Gained mutation: You tend to lose your temper in combat.
                  | [Jiyva's grace]
 44330 | Snake:3  | Gained mutation: Scrolls take you a little longer to read.
                  | [Jiyva's grace]
 44524 | Snake:4  | Entered Level 4 of the Snake Pit
 44591 | Snake:4  | Reached XP level 19. HP: 144/196 MP: 25/25
 44779 | Snake:4  | Lost mutation: You tend to lose your temper in combat.
                  | [Jiyva's grace]
 44824 | Snake:4  | Lost mutation: You are weak. (Str -2) [Jiyva's grace]
 44841 | Snake:4  | Lost mutation: Scrolls take you a little longer to read.
                  | [Jiyva's grace]
 44852 | Snake:4  | Reached ****** piety under Jiyva
 44895 | Snake:4  | Lost mutation: You can translocate small distances at will.
                  | [Jiyva's grace]
 45059 | Snake:4  | Gained mutation: You are occasionally teleported next to
                  | monsters. [Jiyva's grace]
 45156 | Snake:4  | Got a serpentine rune of Zot
 45168 | Snake:4  | Lost mutation: You expend magic power (3 MP) to strengthen
                  | your wands. [Jiyva's grace]
 45349 | Snake:4  | Gained mutation: Your body has grown golden eyes which may
                  | confuse attackers. (Acc +3) [Jiyva's grace]
 45462 | Snake:4  | Lost mutation: Your flesh is cold resistant. (rC+) [Jiyva's
                  | grace]
 45899 | Vaults:1 | Entered Level 1 of the Vaults
 45955 | Vaults:1 | Gained mutation: You are weak. (Str -2) [Jiyva's grace]
 46018 | Vaults:1 | Lost mutation: You are weak. (Str -2) [Jiyva's grace]
 46055 | Vaults:1 | Killed from afar by an ogre mage

Skill      XL: |  1  2  3  4  5  6  7  8  9 10 11 12 13 14 15 16 17 18 19 |
---------------+----------------------------------------------------------+-----
Unarmed Combat | 1 2 4 5 6 8 10 11 13 14 16 17 18 19 20 | 20.9
Fighting       | 1 2 3 4 5 7 8 9 10 11 12 13 14 | 14.1
Armour         | 1 2 3 4 5 6 8 9 |  9.5
Evocations     | 2 4 5 7 8 9 10 | 10.0
Maces & Flails | 1 4 6 |  6.0
Shields        | 1 6 9 11 | 11.7
Dodging        | |  1.5
Stealth        | |  1.0
Spellcasting   | |  1.2
Conjurations   | |  0.6
Ice Magic      | |  2.1

Action                   |  1- 3 |  4- 6 |  7- 9 | 10-12 | 13-15 | 16-18 | 19-21 || total
-------------------------+-------+-------+-------+-------+-------+-------+-------++-------
Melee: Unarmed           |   153 |   256 |   546 |   657 |  1696 |  1745 |   233 ||  5286
       Punch             |     2 |     2 |     8 |    22 |    54 |       |       ||    88
       Whip              |       |       |       |    48 |    54 |   163 |       ||   265
Invok: Request Jelly     |       |       |       |       |       |    12 |     2 ||    14
       Cure Bad Mutation |       |       |       |       |       |     2 |       ||     2
       Slimify           |       |       |       |       |       |       |     4 ||     4
 Abil: Evoke Invisibilit |       |       |       |     1 |     9 |     1 |       ||    11
Evoke: Wand              |       |       |     1 |     2 |     5 |    10 |       ||    18
  Use: Potion            |       |     2 |       |       |     9 |    13 |       ||    24
       Scroll            |       |     8 |     7 |    12 |    13 |    12 |     3 ||    55
 Stab: Invisible         |       |       |       |     2 |    49 |     2 |       ||    53
       Confused          |       |       |       |       |       |     1 |     1 ||     2
       Paralysed         |       |       |       |       |       |     6 |       ||     6
  Eat: Chunk             |    18 |    12 |    49 |    58 |   105 |    80 |     3 ||   325
       Ration            |       |       |     2 |       |       |    24 |       ||    26
Armor: Robe              |    10 |       |       |       |       |       |       ||    10
       Gold dragon scale |   122 |   233 |   377 |   632 |  1144 |   867 |    59 ||  3434
       Acid dragon scale |       |       |       |       |       |   112 |       ||   112
Dodge: Dodged            |    22 |    22 |    56 |   127 |   481 |   533 |    32 ||  1273
Block: Other             |       |       |       |   144 |   323 |       |       ||   467
       Reflection        |       |       |       |       |    24 |    54 |    48 ||   126
       Shield            |       |       |       |       |   230 |  1414 |       ||  1644
       Large shield      |       |       |       |       |       |    38 |   301 ||   339
